 Dungeon Crawl Stone Soup version 0.29.1-15-g9cfb28693d (webtiles) character file.

Game seed: 8001855638950819001

4974 Heoruswealwe the Thaumaturge (level 10, -3/75 HPs)
             Began as a Deep Elf Earth Elementalist on Apr 14, 2023.
             Was an Initiate of Vehumet.
             Succumbed to a hornet's poison
             ... on level 8 of the Dungeon.
             The game lasted 01:09:42 (5948 turns).

Heoruswealwe the Thaumaturge (DEEE)                 Turns: 5948, Time: 01:09:42

Health: -3/75      AC: 25    Str:  2 (5)  XL:     10   Next: 28%
Magic:  29/30      EV:  2    Int: 23 (25) God:    Vehumet [......]
Gold:   385        SH:  0    Dex: 14 (15) Spells: 28/38 levels left

rFire   . . .      SeeInvis +   b - +2 long sword (flame)
rCold   . . .      Faith    .   (no shield)
rNeg    . . .      Spirit   .   (body armour currently unavailable)
rPois   +          Reflect  .   (helmet currently unavailable)
rElec   .          Harm     .   (cloak currently unavailable)
rCorr   .          Rampage  .   (gloves currently unavailable)
Will    +....      NoTele   +   (boots currently unavailable)
Stlth   ++........              (no amulet)
HPRegen 0.22/turn               k - ring of see invisible
MPRegen 0.22/turn               (no ring)

@: lethally poisoned (-3 -> -23), tree-form, slowed, very slow
A: stationary, stasis, torment immunity, boosted hp
a: Renounce Religion


You were on level 8 of the Dungeon.
You worshipped Vehumet.
Vehumet was noncommittal.
You were a tree.
You visited 2 branches of the dungeon, and saw 9 of its levels.

You collected 385 gold pieces.

Inventory:

Hand Weapons
 b - a +2 long sword of flaming (weapon)
Armour
 c - +0 steam dragon scales (melded)
 e - a +2 pair of boots (melded)
 g - a +0 helmet (melded)
 h - a +0 cloak (melded)
 y - the +3 salamander hide armour {Flames rF++ rC--}
   (You took it off a gnoll on level 4 of the Dungeon)

   It surrounds you with a cloud of flames.
   It grants immunity to clouds of flame.
   It enhances your fire magic.
   rF:        It greatly protects you from fire.
   rC:        It makes you very vulnerable to cold.
Jewellery
 k - a ring of see invisible (left branch)
Wands
 j - a wand of paralysis (5)
 t - a wand of roots (5)
 z - a wand of acid (3)
Scrolls
 f - a scroll of identify
 i - 2 scrolls of enchant armour
 l - 4 scrolls of brand weapon
 m - 3 scrolls of teleportation
 o - 2 scrolls of summoning
 u - a scroll of noise {unknown}
 w - 4 scrolls of enchant weapon
 J - 2 scrolls of fear {unknown}
Potions
 a - a potion of curing
 d - a potion of haste {unknown}
 n - a potion of lignification
 q - a potion of resistance {unknown}
 s - 2 potions of flight {unknown}
 A - a potion of ambrosia {unknown}
 B - 2 potions of attraction {unknown}
 H - 2 potions of magic
 I - 3 potions of mutation {unknown}


   Skills:
 - Level 2.4 Dodging
 - Level 2.4 Stealth
 + Level 14.7 Spellcasting
 - Level 1.1 Transmutations
 + Level 12.7 Earth Magic


You had 28 spell levels left.
You knew the following spells:

 Your Spells              Type           Power      Damage    Failure   Level
a - Sandblast             Erth           100%       2d20      1%          1
b - Stone Arrow           Conj/Erth      92%        3d12      1%          3
c - Petrify               Tmut/Erth      48%        N/A       1%          4
z - Passwall              Tmut/Erth      40%        N/A       1%          2

Your spell library contained the following spells:

 Spells                   Type           Power      Damage    Failure   Level
 Freeze                   Ice            64%        1d8       3%          1
 Wereblood                Tmut           22%        N/A       3%          2
 Blink                    Tloc           32%        N/A       5%          2
 Sublimation of Blood     Necr           16%        N/A       5%          2
 Frozen Ramparts          Ice            32%        1d5       11%         3
 Lesser Beckoning         Tloc           16%        N/A       11%         3
 Hailstorm                Conj/Ice       16%        3d6       34%         4
 Manifold Assault         Tloc           16%        N/A       67%         5
 Summon Hydra             Summ           8%         N/A       100%        7


Dungeon Overview and Level Annotations

Branches:
Dungeon (8/15)             Temple (1/1) D:7
   Lair: D:8-11

Altars:
Ashenzari
Cheibriados
Dithmenos
Elyvilon
Fedhas
Gozag
Hepliaklqana
Kikubaaqudgha
Makhleb
Nemelex Xobeh
Okawaru
Qazlal
Ru
Sif Muna
Trog
Uskayaw
Vehumet
Wu Jian
Xom
Yredelemnul
Zin
The Shining One

Shops:
D:5 :(


Message History

The kobold brigand is heavily wounded.
The kobold throws a stone.
The stone hits you but does no damage. The kobold brigand barely misses you.
The kobold brigand attacks as you move away!
The kobold brigand hits you with a +0 whip.
The hornet stings you.
You feel yourself slow down.
The blast of sand hits the hornet!
The hornet is moderately wounded.
You feel yourself speed up. The hornet stings you.
You are poisoned.
You feel yourself slow down.
The hornet stings you but does no damage.
The hornet stings you!
You are more poisoned.
You feel as though you will be slow longer.
Casting: Sandblast (safe; 1% risk of failure)
Confirm with . or Enter, or press ? or * to list all spells.
Aiming: Sandblast (safe; 1% risk of failure)
Press: ? - help, Shift-Dir - straight line, f/p - hornet
Aim: a hornet (moderately wounded, 78% to hit)
The blast of sand hits the hornet!
The hornet is severely wounded.
You feel yourself speed up.
You feel extremely sick. The hornet stings you!
* * * LOW HITPOINT WARNING * * *
You feel yourself slow down. The hornet barely misses you.
The hornet stings you.
* * * LOW HITPOINT WARNING * * *
You are more poisoned.
You feel as though you will be slow longer.
The hornet barely misses you.
Really quaff the potion of lignification?
You turn into a tree.
Your +0 cloak melds into your body.
Your +0 helmet melds into your body.
Your +2 pair of boots melds into your body.
Your +0 steam dragon scales melds into your body.
Your roots penetrate the ground.
You die...

#...[............##....###.#
##############.####....# #.#
..>.... #.# #....# #.#
....... #.# ###'## #.#
....... #># #.# #.# .......
#.######.# #.# .......
#........# #.#
......K################.#
.....KKy♣...............#
......K##################
....... ....... #######


You could see a hornet, a kobold brigand and 3 kobolds.

Vanquished Creatures
  The ghost of sneaky the Ducker, a novice MfGl (D:5)
  Maggie (D:6)
  A hornet (D:8)
  Grinder (D:6)
  Sigmund (D:5)
  6 yaks (D:8)
  Eustachio (D:6)
  A steam dragon (D:7)
  2 ice beasts
  An orc warrior (D:7)
  3 black bears
  A centaur (D:8)
  2 ogres
  2 scorpions
  A necrophage (D:7)
  3 wights (D:7)
  12 killer bees
  A howler monkey (D:6)
  An electric eel (D:8)
  3 jellies
  A gnoll bouda (D:6)
  Crazy Yiuf (D:2)
  3 orc priests
  5 hounds
  Terence (D:3)
  2 iguanas
  4 orc wizards
  Robin (D:4)
  21 gnolls
  5 adders
  A worm (D:3)
  2 dart slugs
  24 orcs
  8 ball pythons
  5 endoplasms
  5 giant cockroaches
  17 goblins
  10 hobgoblins
  4 jackals (D:3)
  3 quokkas
  3 bats
  8 frilled lizards
  2 kobolds
  6 rats
  A butterfly (D:7)
188 creatures vanquished.

Vanquished Creatures (others)
  A butterfly (D:7)
  2 fungi (D:2)
3 creatures vanquished.

Grand Total: 191 creatures vanquished

Notes
Turn   | Place    | Note
-------+----------+-------------------------------------------
     0 | D:1      | Heoruswealwe the Deep Elf Earth Elementalist began the
                  | quest for the Orb.
     0 | D:1      | Reached XP level 1. HP: 10/10 MP: 6/6
   209 | D:1      | Reached XP level 2. HP: 12/15 MP: 6/8
   222 | D:1      | Learned a level 2 spell: Passwall
   486 | D:1      | Reached skill level 9 in Spellcasting
   486 | D:1      | Reached XP level 3. HP: 19/19 MP: 8/15
   491 | D:1      | Learned a level 3 spell: Stone Arrow
   796 | D:2      | Reached XP level 4. HP: 24/24 MP: 15/17
   801 | D:2      | Learned a level 4 spell: Petrify
  1250 | D:2      | Found a faded altar of an unknown god.
  1265 | D:2      | Found a runed translucent door.
  1266 | D:2      | Noticed Crazy Yiuf
  1270 | D:2      | Killed Crazy Yiuf
  1271 | D:2      | Reached XP level 5. HP: 28/28 MP: 17/19
  1340 | D:2      | Prayed at the altar of an unknown god.
  1340 | D:2      | Became a worshipper of Cheibriados the Contemplative
  1340 | D:2      | Reached * piety under Cheibriados
  1706 | D:3      | Noticed Terence
  1715 | D:3      | Killed Terence
  1835 | D:3      | Reached ** piety under Cheibriados
  2310 | D:4      | Reached XP level 6. HP: 32/32 MP: 18/20
  2312 | D:4      | Reached skill level 10 in Spellcasting
  2371 | D:4      | Noticed Robin
  2386 | D:4      | Killed Robin
  2457 | D:4      | Reached *** piety under Cheibriados
  2758 | D:4      | Found a sparkling altar of Nemelex Xobeh.
  3043 | D:5      | Entered Level 5 of the Dungeon
  3054 | D:5      | Found Juymall's Weapon Emporium.
  3060 | D:5      | Reached XP level 7. HP: 36/36 MP: 20/22
  3327 | D:5      | Noticed Sigmund
  3328 | D:5      | Found Yclaykad's Book Boutique.
  3335 | D:5      | Killed Sigmund
  3339 | D:5      | Reached skill level 11 in Spellcasting
  3516 | D:5      | Reached **** piety under Cheibriados
  3517 | D:5      | Reached XP level 8. HP: 41/41 MP: 23/25
  3728 | D:5      | Reached skill level 10 in Earth Magic
  3873 | D:5      | Found a large runed translucent door.
  3874 | D:5      | Found a large runed translucent door.
  3889 | D:5      | Noticed sneaky's ghost (novice MfGl)
  3898 | D:5      | Killed sneaky's ghost
  4008 | D:6      | Reached skill level 12 in Spellcasting
  4113 | D:6      | Noticed Grinder
  4113 | D:6      | Noticed Eustachio
  4121 | D:6      | Killed Eustachio
  4123 | D:6      | Killed Grinder
  4124 | D:6      | Reached XP level 9. HP: 45/45 MP: 21/27
  4145 | D:6      | Noticed Maggie
  4150 | D:6      | Killed Maggie
  4215 | D:6      | Reached skill level 13 in Spellcasting
  4652 | D:7      | Found a staircase to the Ecumenical Temple.
  4670 | Temple   | Entered the Ecumenical Temple
  4718 | Temple   | Fell from the grace of Cheibriados
  4718 | Temple   | Became a worshipper of Vehumet
  5049 | D:7      | Found a bloodstained altar of Trog.
  5049 | D:7      | Found a faded altar of an unknown god.
  5057 | D:7      | Found a faded altar of an unknown god.
  5059 | D:7      | Found a shadowy altar of Dithmenos.
  5060 | D:7      | Found an opulent altar of Gozag.
  5490 | D:8      | Reached skill level 14 in Spellcasting
  5494 | D:8      | Reached XP level 10. HP: 32/50 MP: 22/30
  5719 | D:8      | Found a snail-covered altar of Cheibriados.
  5720 | D:8      | Found an ancient bone altar of Kikubaaqudgha.
  5947 | D:8      | HP: 2/50 [hornet (6)]
  5948 | D:8      | Succumbed to a hornet's poison

Illustrated notes

Levels and vault maps discovered:
D:1:      co_arrival_square_in_a_square_in_a_square, layout_rooms
D:2:      minmay_skewed_foursquare, layout_basic,
          chequers_ecumenical_altar_simple_redux, minmay_heptomino_l4,
          uniq_crazy_yiuf_cottage
D:3:      layout_basic, uniq_terence
D:4:      layout_basic, lemuel_doored_altar, hangedman_abyss_or_decor_passed,
          uniq_robin
D:5:      layout_layer_cave, ebering_ghost_disaster_area, serial_shops,
          nicolae_shop_waterfront, shop, uniq_sigmund
D:6:      layout_gridville, minmay_misc_feat_pillars, uniq_grinder,
          uniq_eustachio, uniq_maggie
D:7:      layout_loops_ring, chequers_temple_overflow_minitemple,
          minmay_temple_entry_butterflies, serial_aquarium,
          aquarium_bridge_square [aquarium_subvault_wall,
          aquarium_subvault_bridge, aquarium_subvault_balcony,
          aquarium_subvault_bridge], aquarium_window_corner, aquarium_window_1,
          aquarium_view_2c, aquarium_view_2f, aquarium_balcony_3a,
          aquarium_pool_side, hangedman_decor_diamond_cutter
D:8:      layout_basic, nicolae_overflow_squiral, enter_bailey_4
Temple:   kb_temple_of_zot

Skill      XL: |  1  2  3  4  5  6  7  8  9 |
---------------+----------------------------+-----
Spellcasting   | 9 10 11 12 14 | 14.7
Earth Magic    | 8 9 10 12 | 12.7
Dodging        | |  2.4
Stealth        | |  2.4
Transmutations | |  1.1

Action                   |  1- 3 |  4- 6 |  7- 9 | 10-12 || total
-------------------------+-------+-------+-------+-------++-------
Melee: Dagger            |       |     7 |       |       ||     7
 Cast: Sandblast         |    34 |    95 |   132 |    37 ||   298
       Passwall          |       |     2 |     1 |     1 ||     4
  Use: Scroll            |     5 |     6 |     3 |       ||    14
       Potion            |     1 |       |     7 |     2 ||    10
Armor: Robe              |       |    14 |     7 |       ||    21
       Steam dragon scal |       |       |    31 |     6 ||    37
       Skin              |       |       |       |    13 ||    13
Dodge: Dodged            |     4 |    32 |    78 |    14 ||   128
